 Dungeon Crawl Stone Soup version 0.31-a0-214-gb37851dbb3 (webtiles) character file.

Game seed: 14088913859135813629

309 qw the Shooter (level 6, 0/38 HPs)
             Began as a Gargoyle Hexslinger on July 1, 2023.
             Slain by an orc wizard
             ... wielding a +0 dagger
              (4 damage)
             ... on level 3 of the Dungeon.
             The game lasted 00:01:22 (2987 turns).

qw the Shooter (Gargoyle Hexslinger)                Turns: 2987, Time: 00:01:23

Health: 0/38       AC:  9    Str: 18    XL:     6   Next: 41%
Magic:  7/7        EV: 16    Int: 11    God:
Gold:   130        SH:  0    Dex: 14    Spells: 6/7 levels left

rFire   + . .        Y - +3 sling
rCold   . . .        (no shield)
rNeg    + + +        d - +0 leather armour {rF+}
rPois   inf          (no helmet)
rElec   +            (no cloak)
rCorr   .            (no gloves)
SInv    .            m - +1 pair of boots "Vas Wasu" {rElec rN+++}
Will    .....        (no amulet)
Stlth   +            b - +5 ring of evasion
HPRegen 0.26/turn    c - +6 ring of strength
MPRegen 0.10/turn

%: no passive effects
@: confused
A: sickness immunity, AC +4, negative energy resistance 1, electricity
resistance, torment resistance 1, petrification resistance, dopey 1
a: no special abilities


You were on level 3 of the Dungeon.
You visited 1 branch of the dungeon, and saw 3 of its levels.
You also visited: Sewer.

You collected 130 gold pieces.


Innate Abilities, Weirdness & Mutations

You are immune to sickness and miasma.
Your stone body is resilient. (AC +4)
You are immune to poison.
You resist negative energy. (rN+)
You are resistant to electric shocks. (rElec)
You are resistant to unholy torment.
You are immune to petrification.
You are dopey. (Int -2)


   Skills:
 - Level 3.8 Fighting
 + Level 5.1 Ranged Weapons
 - Level 2.1 Armour
 - Level 1.5 Dodging
 - Level 1.0 Spellcasting
 - Level 2.6 Hexes


You had 6 spell levels left.
You knew the following spells:

 Your Spells              Type           Power      Damage    Failure   Level
a - Slow                  Hex            24%        N/A       13%         1

Your spell library contained the following spells:

 Spells                   Type           Power      Damage    Failure   Level
 Inner Flame              Hex/Fire       3%         N/A       54%         3
 Portal Projectile        Hex/Tloc       6%         N/A       54%         3
 Cause Fear               Hex            3%         N/A       77%         4

Inventory:

Hand Weapons
 Y - a +3 sling (weapon)
Armour
 d - a +0 leather armour of fire resistance (worn)
 i - a +0 ring mail
 m - the +1 pair of boots "Vas Wasu" (worn) {rElec rN+++}
   (You acquired it in a sewer)

   rElec:     It insulates you from electricity.
   rN:        It renders you almost immune to negative energy.
Jewellery
 b - a +5 ring of evasion (left hand)
 c - a +6 ring of strength (right hand)
Scrolls
 h - a scroll of identify
Potions
 a - 3 potions of resistance
 f - a potion of heal wounds
 g - a potion of brilliance {unknown}
 j - a potion of haste {unknown}
 k - a potion of mutation
 l - a potion of might

Dungeon Overview and Level Annotations

Branches:
Dungeon (3/15)              Sewer (visited)

Altars:

Annotations:
D:2 1 runed translucent door, Crazy Yiuf
D:3 2 transporters, qw's ghost, weakling MiHs


Message History

Something hits you but does no damage.
You hear some strange, mumbled words.
Something tries to affect you, but you resist.
You shoot a sling bullet.
Something hits you but does no damage. x2
You shoot a sling bullet. Something hits you.
Something hits you but does no damage.
You shoot a sling bullet.
You hear some strange, mumbled words.
A magic dart appears from out of thin air!
The magic dart hits you but does no damage.
Something barely misses you.
You shoot a sling bullet. Something closely misses you.
Something hits you but does no damage.
You shoot a sling bullet. Something hits you but does no damage.
You hear some strange, mumbled words.
A magic dart appears from out of thin air!
The magic dart hits you but does no damage.
Something hits you. Something hits you but does no damage.
You shoot a sling bullet. Something hits you. x2
You shoot a sling bullet. Something hits you but does no damage.
You hear some strange, mumbled words.
A puff of flame appears from out of thin air!
The puff of flame hits you. You resist.
You shoot a sling bullet. Something hits you but does no damage.
You hear some strange, mumbled words.
You are confused.
You shoot a sling bullet.
You hear some strange, mumbled words.
A magic dart appears from out of thin air!
The magic dart hits you. Something hits you.
You shoot a sling bullet.
Something hits you but does no damage. x2
You shoot a sling bullet. Something hits you but does no damage.
Something hits you.
You die...

.# .# .# .#
#################)#
.................)#
.###############.)#
.#.............#{{#
.#.###########.#@.#
.#.# #.#..# .#.#
#######.#..# .#.#
........#..# .#.#
.#.........#
.#.#### #.#######.#
.#....# # #.#
.####.# #.# .# #.#
#.#


There were no monsters in sight!

Vanquished Creatures
  A kobold brigand (Sewer)
  2 jellies (D:2)
  3 adders (D:2)
  5 river rats
  3 dart slugs
  3 orcs (D:3)
  16 endoplasms
  5 giant cockroaches
  3 goblins
  3 hobgoblins
  2 jackals (D:2)
  27 kobolds
  A quokka (D:3)
  9 ball pythons
  3 bats
  4 frilled lizards
  18 rats
108 creatures vanquished.

Notes
Turn   | Place    | Note
-------+----------+-------------------------------------------
     0 | D:1      | qw the Gargoyle Hexslinger began the quest for the Orb.
     0 | D:1      | Reached XP level 1. HP: 12/12 MP: 2/2
     0 | D:1      | 0 ||| qw: Version: 0.3-a-32-g5962c71
     0 | D:1      | 0 ||| qw: Game counter: 7422
     0 | D:1      | 0 ||| qw: Melee chars always use a shield: true
     0 | D:1      | 0 ||| qw: God list: Okawaru
     0 | D:1      | 0 ||| qw: Allow faded altars: false
     0 | D:1      | 0 ||| qw: Do Orc after clearing Dungeon:15 true
     0 | D:1      | 0 ||| qw: Do second Lair branch before Depths: true
     0 | D:1      | 0 ||| qw: Lair rune preference: random
     0 | D:1      | 0 ||| qw: Goals: Normal
     0 | D:1      | 0 ||| PLANNING D:1-11
   142 | D:1      | Reached XP level 2. HP: 16/16 MP: 3/3
   354 | D:1      | Reached skill level 3 in Ranged Weapons
   620 | D:1      | Reached XP level 3. HP: 21/21 MP: 4/4
   882 | D:1      | 882 ||| UPGRADING to +0 ring mail.
   892 | D:1      | 892 ||| DROPPING +0 robe.
   893 | D:1      | 893 ||| READING scroll labelled ORPHAE YSMOX.
   894 | D:1      | 894 ||| READING 2 scrolls labelled WIGIQYNN PUASM.
   895 | D:1      | 895 ||| DRINKING 3 grey potions.
   896 | D:1      | 896 ||| DROPPING scroll of poison.
  1064 | D:2      | Found a faded altar of an unknown god.
  1207 | D:2      | Reached XP level 4. HP: 19/26 MP: 5/5
  1211 | D:2      | Reached skill level 4 in Ranged Weapons
  1213 | D:2      | HP: 5/26 [frozen (5)]
  1215 | D:2      | HP: 1/26 [frozen (3)]
  1408 | D:2      | Reached XP level 5. HP: 18/30 MP: 6/6
  1415 | D:2      | HP: 6/30 [frozen (5)]
  1610 | D:2      | Found a runed translucent door.
  1611 | D:2      | Noticed Crazy Yiuf
  1730 | D:2      | 1730 ||| UPGRADING to +5 ring of evasion.
  1731 | D:2      | 1731 ||| UPGRADING to +6 ring of strength.
  1732 | D:2      | 1732 ||| READING scroll labelled JEISHUCLI VOCH.
  1760 | D:3      | 1760 ||| PLANNING SEWER
  1900 | D:3      | Found a transporter.
  1907 | D:3      | Noticed qw's ghost (weakling MiHs)
  1936 | D:3      | 1936 ||| READING scroll of enchant weapon.
  1936 | D:3      | 1936 ||| ENCHANTING +2 sling.
  1947 | D:3      | Found a transporter.
  2290 | D:3      | Found a glowing drain.
  2291 | D:3      | 2291 ||| UPGRADING to +0 leather armour of fire resistance.
  2301 | D:3      | 2301 ||| DROPPING scarf of shadows.
  2302 | D:3      | 2302 ||| READING scroll labelled FEWACOEFRE.
  2303 | D:3      | 2303 ||| READING scroll labelled OKEOTI XIE.
  2313 | D:3      | 2313 ||| DRINKING 2 bubbling puce potions.
  2313 | D:3      | Gained mutation: You are dopey. (Int -2) [potion of
                  | mutation]
  2314 | D:3      | 2314 ||| READING 3 scrolls of identify.
  2314 | D:3      | 2314 ||| IDENTIFYING dark potion
  2315 | D:3      | 2315 ||| READING 2 scrolls of identify.
  2315 | D:3      | 2315 ||| IDENTIFYING fuming grey potion
  2332 | Sewer    | Entered a sewer
  2366 | Sewer    | 2366 ||| Stepping ~*~*~tactically~*~*~ (outnumbered).
  2382 | Sewer    | Reached skill level 5 in Ranged Weapons
  2396 | Sewer    | 2396 ||| FLEEEEING.
  2397 | Sewer    | 2397 ||| FLEEEEING.
  2398 | Sewer    | 2398 ||| FLEEEEING.
  2435 | Sewer    | 2435 ||| Stepping ~*~*~tactically~*~*~ (water).
  2446 | Sewer    | 2446 ||| Stepping ~*~*~tactically~*~*~ (water).
  2519 | Sewer    | 2519 ||| Stepping ~*~*~tactically~*~*~ (water).
  2523 | Sewer    | 2523 ||| Stepping ~*~*~tactically~*~*~ (water).
  2548 | Sewer    | Reached XP level 6. HP: 36/36 MP: 7/7
  2559 | Sewer    | 2559 ||| Stepping ~*~*~tactically~*~*~ (outnumbered).
  2563 | Sewer    | 2563 ||| Stepping ~*~*~tactically~*~*~ (outnumbered).
  2576 | Sewer    | Reached skill level 3 in Fighting
  2785 | Sewer    | 2785 ||| READING scroll labelled XOD HANWICUPPA.
  2848 | Sewer    | 2848 ||| READING 2 scrolls labelled TUPSEN JIFIL.
  2849 | Sewer    | 2849 ||| READING scroll labelled FEOMEAXTEGG.
  2849 | Sewer    | Identified a scroll of acquirement
  2849 | Sewer    | 2849 ||| ACQUIRING +1 pair of boots "Vas Wasu" {rElec
                  | rN+++}
  2849 | Sewer    | Acquired the +1 pair of boots "Vas Wasu" {rElec rN+++}
  2851 | Sewer    | 2851 ||| UPGRADING to +1 pair of boots "Vas Wasu" {rElec
                  | rN+++}.
  2856 | Sewer    | 2856 ||| DRINKING 2 lumpy dark potions.
  2857 | Sewer    | 2857 ||| DRINKING 2 bubbling ruby potions.
  2858 | Sewer    | 2858 ||| READING 2 scrolls of identify.
  2858 | Sewer    | 2858 ||| IDENTIFYING red potion
  2859 | Sewer    | 2859 ||| DROPPING potion of berserk rage.
  2860 | Sewer    | 2860 ||| DROPPING potion of magic.
  2861 | Sewer    | 2861 ||| DROPPING scroll of blinking.
  2887 | D:3      | 2887 ||| PLANNING D:1-11
  2948 | D:3      | 2948 ||| DRINKING 3 potions of curing.
  2948 | D:3      | 2948 ||| (to cure confusion)
  2954 | D:3      | 2954 ||| FLEEEEING.
  2955 | D:3      | 2955 ||| FLEEEEING.
  2956 | D:3      | 2956 ||| DRINKING 2 potions of curing.
  2956 | D:3      | 2956 ||| (to cure confusion)
  2965 | D:3      | 2965 ||| DRINKING potion of curing.
  2965 | D:3      | 2965 ||| (to cure confusion)
  2983 | D:3      | HP: 7/38 [something/puff of flame (4)]
  2987 | D:3      | Slain by an orc wizard

Levels and vault maps discovered:
D:1:      lightli_arrival_lavapool, layout_basic
D:2:      cheibrodos_fertilizer, layout_rooms,
          shapermc_ecumenical_altar_pompeii, guppyfry_early_lair_pool,
          uniq_crazy_yiuf_cottage
D:3:      layout_basic, gammafunk_ghost_stat_death, portal_sewer_entry_a

Skill      XL: |  1  2  3  4  5  6 |
---------------+-------------------+-----
Ranged Weapons | 3 4 5 |  5.1
Fighting       | 2 3 |  3.8
Armour         | 2 |  2.1
Dodging        | |  1.5
Spellcasting   | |  1.0
Hexes          | |  2.6

Action                     |  1- 3 |  4- 6 || total
---------------------------+-------+-------++-------
   Fire: Sling             |    87 |   246 ||   333
    Use: Scroll            |     2 |    10 ||    12
         Potion            |     1 |     6 ||     7
 Armour: Robe              |     4 |       ||     4
         Ring mail         |    19 |    28 ||    47
         Leather armour    |       |    73 ||    73
  Dodge: Dodged            |    33 |   152 ||   185

Table legend:
 A = Non-vault XP
 B = Vault XP
 C = Vault XP percentage of total XP
 D = Non-vault monster count
 E = Vault monster count
 F = Vault count percentage of total count
                 A         B        C        D         E       F
            +---------+---------+-------+---------+---------+-------
      Total |     123 |     319 |  72.2 |      47 |      61 |  56.5
            +---------+---------+-------+---------+---------+-------
        D:1 |      36 |       0 |   0.0 |      21 |       0 |   0.0
        D:2 |      61 |     105 |  63.3 |      14 |      15 |  51.7
        D:3 |      26 |      32 |  55.2 |      12 |       5 |  29.4
      Sewer |       0 |     182 | 100.0 |       0 |      41 | 100.0
            +---------+---------+-------+---------+---------+-------
